 Dungeon Crawl Stone Soup version 0.30.0 (webtiles) character file.

Game seed: 11291599903879516386

39 voltaire321 the Gusty (level 3, -3/20 HPs)
             Began as a Tengu Air Elementalist on May 6, 2023.
             Slain by an ogre
             ... wielding a +0 giant club
              (23 damage)
             ... on level 4 of the Dungeon.
             The game lasted 00:05:33 (2317 turns).

voltaire321 the Gusty (Tengu Air Elementalist)      Turns: 2317, Time: 00:05:33

Health: -3/20      AC:  3    Str: 16    XL:     3   Next: 47%
Magic:  7/7        EV: 12    Int: 15    God:
Gold:   117        SH:  0    Dex: 14    Spells: 0/6 levels left

rFire   . . .        c - +0 dagger
rCold   . . .        (no shield)
rNeg    . . .        a - +0 robe
rPois   .            d - +0 hat
rElec   .            (no cloak)
rCorr   .            h - +0 pair of gloves
SInv    .            (boots unavailable)
Will    .....        (no amulet)
Stlth   ++           j - ring of wizardry
HPRegen 0.23/turn    m - +6 ring of strength
MPRegen 0.10/turn

%: wizardry (x1)
@: no status effects
A: beak, talons 3
a: no special abilities


You were on level 4 of the Dungeon.
You visited 2 branches of the dungeon, and saw 5 of its levels.

You collected 117 gold pieces.

Inventory:

Hand Weapons
 c - a +0 dagger (weapon)
Armour
 a - a +0 robe (worn)
 d - a +0 hat (worn)
 h - a +0 pair of gloves (worn)
Jewellery
 j - a ring of wizardry (left hand)
 m - a +6 ring of strength (right hand)
 n - a ring of willpower
 p - an amulet of the acrobat
Scrolls
 e - 3 scrolls of identify {unknown}
 f - a scroll of teleportation {unknown}
 g - a scroll of amnesia {unknown}
 l - a scroll of brand weapon {unknown}
 q - a scroll of fog {unknown}
 r - a scroll of acquirement {unknown}
Potions
 b - a potion of magic
 i - 3 potions of brilliance {unknown}
 k - 2 potions of curing {unknown}
 o - a potion of flight {unknown}


   Skills:
 + Level 1.0 Fighting
 + Level 0.8 Armour
 + Level 2.6 Dodging
 - Level 2.0 Stealth
 + Level 2.3 Spellcasting
 + Level 2.1 Conjurations
 + Level 4.4 Air Magic


You couldn't memorise any spells.
You knew the following spells:

 Your Spells              Type           Power      Damage    Failure   Level
a - Shock                 Conj/Air       44%        1d5       2%          1
b - Static Discharge      Conj/Air       22%        2-3/arc   3%          2
c - Swiftness             Air            15%        N/A       4%          3

Your spell library contained the following spells:

 Spells                   Type           Power      Damage    Failure   Level
 Airstrike                Air            7%         2d(2-18)  14%         4


Dungeon Overview and Level Annotations

Branches:
Dungeon (4/15)             Temple (1/1) D:4

Altars:
Cheibriados
Dithmenos
Elyvilon
Fedhas
Makhleb
Nemelex Xobeh
Ru
Uskayaw
Vehumet
Wu Jian
Xom
Yredelemnul
Zin
The Shining One


Innate Abilities, Weirdness & Mutations

You have a beak for a mouth.
You have claws for feet.


Message History

Press: ? - help, Q - select action, (/) - cycle Shift-Dir - straight line, f/p - hobgoblin
Aim: a hobgoblin (68% to hit)
The zap hits the hobgoblin.
The hobgoblin is severely wounded.
The hobgoblin hits you.
You hit the hobgoblin. Your kick misses the hobgoblin.
Your peck misses the hobgoblin.
The hobgoblin is almost dead.
The hobgoblin closely misses you.
You barely miss the hobgoblin. You claw the hobgoblin.
You kill the hobgoblin!
Your Fighting skill increases to level 1!
e - 3 scrolls labelled ACHYIRCHEFEPH (gained 1)
The ogre shouts!
Found a book of the Tundra.
The goblin shouts!
There is a staircase to the Ecumenical Temple here.
You climb downwards.
Welcome to the Ecumenical Temple!
There is a staircase back to the Dungeon here.
Magic restored.
Found a sacrificial altar of Ru and a shimmering altar of Xom.
Found a burning altar of Makhleb.
Found two altars.
Found a blossoming altar of Fedhas.
Found a glowing golden altar of the Shining One.
Sorry, I don't know how to traverse that place.
Found a shadowy altar of Dithmenos and a snail-covered altar of Cheibriados.
Found a white marble altar of Elyvilon.
Found a radiant altar of Vehumet and a glowing silver altar of Zin.
Found a sparkling altar of Nemelex Xobeh.
Found a basalt altar of Yredelemnul.
There is a radiant altar of Vehumet here.
You kneel at the altar of Vehumet.
There is a staircase back to the Dungeon here.
There is a staircase back to the Dungeon here.
You climb upwards.
Welcome back to the Dungeon!
The goblin hits you but does no damage.
The ogre hits you with a +0 giant club!!
Ouch! That really hurt!
You die...

# :. ##. .## .# ... ...
.## # ..##...#..##
#..#..#.#....#
#..#....#..#.#
#...#....##..# ###
#.....@.....#
#######.###..##.gO.#..#
.......#.##.#..#....#
.####.###.#....#.#..# #
.###.## ##....#..†##....
......###.###..........#
###)...#.# ###..#####.#
#...#.# #..... .#
#...### #.......


You could see an ogre and a goblin.

Vanquished Creatures
  3 dart slugs (D:1)
  2 bats (D:1)
  5 endoplasms
  A giant cockroach (D:1)
  5 goblins
  4 hobgoblins
  5 ball pythons (D:1)
  3 kobolds
  2 rats (D:1)
30 creatures vanquished.

Notes
Turn   | Place    | Note
-------+----------+-------------------------------------------
     0 | D:1      | voltaire321 the Tengu Air Elementalist began the quest for
                  | the Orb.
     0 | D:1      | Reached XP level 1. HP: 10/10 MP: 4/4
   203 | D:1      | Reached XP level 2. HP: 16/16 MP: 0/6
   652 | D:1      | Learned a level 2 spell: Static Discharge
   681 | D:1      | Reached XP level 3. HP: 18/20 MP: 0/7
  1666 | D:2      | Learned a level 3 spell: Swiftness
  2151 | D:3      | You fall into a shaft and drop 1 floor!
  2194 | D:4      | Found a staircase to the Ecumenical Temple.
  2195 | D:4      | Noticed an ogre
  2205 | D:4      | Reached skill level 1 in Fighting
  2212 | Temple   | Entered the Ecumenical Temple
  2317 | D:4      | Slain by an ogre

Illustrated notes

Levels and vault maps discovered:
D:1:      kennysheep_arrival_seaside, layout_loops_ring, serial_rivers,
          chequers_serial_rivers_room_b, chequers_serial_rivers_micro_d,
          chequers_serial_rivers_micro_a, chequers_serial_rivers_micro_a,
          chequers_serial_rivers_small_b, chequers_serial_rivers_room_a,
          minmay_tetromino_i2
D:2:      layout_basic, minmay_door_square, grunt_ministairs_3,
          grunt_decor_junction
D:3:      layout_rooms, saegor_snake_ambush
D:4:      layout_loops_cross, tgw_kikubaaqudgha, minmay_temple_entry_mini_moons
Temple:   eino_temple_water

Skill      XL: |  1  2  3 |
---------------+----------+-----
Conjurations   | 2 |  2.1
Fighting       | 1 |  1.0
Armour         | |  0.8
Dodging        | |  2.6
Stealth        | |  2.0
Spellcasting   | |  2.3
Air Magic      | |  4.4

Action                     || total
---------------------------++-------
  Melee: Dagger            ||    11
         Unarmed           ||     2
         Kick              ||     3
         Peck              ||     1
   Cast: Shock             ||    59
   Stab: Sleeping          ||     1
 Armour: Robe              ||     5
  Dodge: Dodged            ||    10
